 Dungeon Crawl Stone Soup version 0.30.1-9-gdf580d7c3d (webtiles) character file.

Game seed: 15129595304655561790

4 lonewolfV2 the Scratcher (level 1, 0/9 HPs)
             Began as a Felid Transmuter on Oct 12, 2023.
             Slain by a quokka (4 damage)
             ... on level 1 of the Dungeon.
             The game lasted 00:00:10 (110 turns).

lonewolfV2 the Scratcher (Felid Transmuter)          Turns: 110, Time: 00:00:10

Health: 0/9        AC:  1    Str:  6    XL:     1   Next: 50%
Magic:  4/4        EV: 17    Int: 14    God:
Gold:   0          SH:  0    Dex: 16    Spells: 3/4 levels left
                                        Lives:  0   Deaths: 0

rFire   . .          .
                       - Unarmed
rCold   . . .        (shield unavailable)
rNeg    . . .        (body armour unavailable)
rPois   .            (helmet unavailable)
rElec   .            (cloak unavailable)
rCorr   .            (gloves unavailable)
SInv    +            (boots unavailable)
Will    .....        (no amulet)
Stlth   +            (no ring)
HPRegen 0.21/turn    (no ring)
MPRegen 0.09/turn

%: no passive effects
@: quick
A: very small, claws 1, fangs 3, see invisible, speed 1, shaggy fur 1, stealthy
paws, no weapons or thrown items, no armour, multi-lived
a: no special abilities


You were on level 1 of the Dungeon.
You visited 1 branch of the dungeon, and saw 1 of its levels.

Inventory:

Scrolls
 b - a scroll of enchant weapon {unknown}
 c - a scroll of noise {unknown}
 d - a scroll of fog {unknown}
Potions
 a - a potion of lignification
 e - a potion of degeneration {unknown}


   Skills:
 + Level 1.0 Fighting
 + Level 2.7 Dodging
 + Level 3.2 Unarmed Combat
 + Level 2.0 Spellcasting
 + Level 2.2 Transmutations


You had 3 spell levels left.
You knew the following spells:

 Your Spells              Type           Power      Damage    Failure   Level
a - Beastly Appendage     Tmut           14%        N/A       10%         1

Your spell library contained the following spells:

 Spells                   Type           Power      Damage    Failure   Level
 Wereblood                Tmut           7%         N/A       14%         2
 Spider Form              Tmut/Pois      4%         N/A       41%         3
 Ice Form                 Ice/Tmut       4%         N/A       83%         4


Dungeon Overview and Level Annotations

Branches:
Dungeon (1/15)

Altars:


Innate Abilities, Weirdness & Mutations

You have sharp claws.
You have razor-sharp teeth.
You have supernaturally acute eyesight. (SInv)
You cover ground quickly. (Speed+)
You are covered in fur. (AC +1)
Your paws help you pounce on unaware monsters.
You are incapable of wielding weapons or throwing items.
You cannot wear armour.
You gain extra lives every three experience levels.


Message History

A giant cockroach comes into view.
The kobold misses you.
There is an open door here.
You barely miss the kobold. The kobold closely misses you.
You scratch the kobold. Your bite misses the kobold.
The kobold is severely wounded.
The kobold completely misses you. The kobold closely misses you.
You scratch the kobold.
You kill the kobold!
You scratch the kobold but do no damage.
The kobold hits you with a +0 whip.
You closely miss the kobold. You headbutt the kobold.
You kill the kobold!
You scratch the giant cockroach but do no damage.
You headbutt the giant cockroach, but do no damage.
Your transformation is almost over.
The giant cockroach barely misses you. The giant cockroach closely misses you.
You scratch the giant cockroach.
You kill the giant cockroach!
A quokka comes into view.
The quokka moves out of view.
Items here: ( )) †††.
There is an open door here.
There is a stone staircase leading down here.
Found a sling.
You see here a scroll labelled DACWUNLION.
The quokka bites you.
Ouch! That really hurt!
You scratch the quokka.
The quokka is almost dead.
The quokka bites you.
You closely miss the quokka.
The quokka is almost dead.
The quokka misses you.
You barely miss the quokka.
The quokka is almost dead.
Your horns disappear.
The quokka bites you.
You die...

###########
#.........#
#.........#
#.........#
#.........#
#.........#
#.....r...#
.#.....@...#######
.........?>')....#
.#.........#####.#
####....#.# #.#
#....#.# #.#
####...# #.# #.###
#.# #)# #.# ...
#.#.


You could see a quokka.

Vanquished Creatures
  A giant cockroach (D:1)
  2 kobolds (D:1)
3 creatures vanquished.

Notes
Turn   | Place    | Note
-------+----------+-------------------------------------------
     0 | D:1      | lonewolfV2 the Felid Transmuter began the quest for the
                  | Orb.
     0 | D:1      | Reached XP level 1. HP: 9/9 MP: 4/4
   110 | D:1      | Slain by a quokka

Illustrated notes

Levels and vault maps discovered:
D:1:      tarquinn_simple_flora_water_c, layout_basic

Action                     || total
---------------------------++-------
  Melee: Unarmed           ||    10
         Headbutt          ||     2
   Cast: Beastly Appendage ||     1
  Dodge: Dodged            ||     7
